 Dungeon Crawl Stone Soup version 0.28-a0-1184-g53156a8862 (webtiles) character file.

Game seed: 3167913219087063080

188395 wakim the Warrior (level 17, 0/231 HPs)
             Began as a Palentonga Berserker on Dec 17, 2021.
             Was a High Priest of Trog.
             Succumbed to a meliai's poison
             ... on level 3 of the Spider Nest.
             The game lasted 02:59:05 (39657 turns).

wakim the Warrior (Palentonga Berserker)           Turns: 39657, Time: 02:59:06

Health: 0/231      AC: 27    Str: 25    XL:     17   Next: 91%
Magic:  3/17       EV: 11    Int:  7    God:    Trog [*****.]
Gold:   1078       SH: 11    Dex: 14    Spells: 16/16 levels left

rFire   . . .      SeeInvis +   a - +0 demon whip (venom)
rCold   + + .      Faith    .   G - +0 kite shield
rNeg    . . .      Spirit   +   Q - +4 chain mail of the Turtle {rC++ Will+ SInv}
rPois   +          Reflect  .   D - +2 helmet
rElec   +          Harm     .   n - +0 cloak
rCorr   .          Rampage  .   P - +0 pair of gloves
Will    +++++                   O - +0 barding
Stlth   ..........              l - amulet "Hemutuis" {Spirit rElec rPois rF- Will+++}
HPRegen 0.48/turn               e - +4 ring of evasion
MPRegen 0.15/turn               W - ring of protection from fire

@: berserking (expiring), lethally poisoned (0 -> -4), very quick
A: large, rugged brown scales 3, see invisible, deformed body, roll 1, armoured
tail, reflexive curl
a: Rolling Charge, Renounce Religion, Berserk, Trog's Hand, Brothers in Arms


You were on level 3 of the Spider Nest.
You worshipped Trog.
Trog was extremely pleased with you.
You visited 5 branches of the dungeon, and saw 28 of its levels.
You visited 1 bazaar.
You also visited: Sewer and Ice Cave.

You collected 2924 gold pieces.
You spent 1846 gold pieces at shops.

Inventory:

Hand Weapons
 a - a +0 demon whip of venom (weapon)
 b - a +4 eveningstar of protection
 c - a +3 antimagic morningstar
Missiles
 k - 5 throwing nets {=f!f}
 I - 3 curare-tipped darts {=f}
Armour
 n - a +0 cloak (worn)
 D - a +2 helmet (worn)
 G - a +0 kite shield (worn)
 O - a +0 barding (worn)
 P - a +0 pair of gloves (worn)
 Q - the +4 chain mail of the Turtle (worn) {rC++ Will+ SInv}
   (You found it on level 15 of the Dungeon)

   rC:        It greatly protects you from cold.
   SInv:      It lets you see invisible.
   Will:      It increases your willpower.
Jewellery
 d - the ring of Beogh's Respect {rC+ Str+6}
   (You bought it in a shop in a bazaar)

   [ring of protection from cold]

   Str:       It affects your strength (+6).
   rC:        It protects you from cold.
 e - a +4 ring of evasion (left hand)
 j - a ring of fire
 l - the amulet "Hemutuis" (around neck) {Spirit rElec rPois rF- Will+++}
   (You acquired it on level 4 of the Dungeon)

   [amulet of guardian spirit]

   It causes incoming damage to be divided between your reserves of health and
   magic.
   rF:        It makes you vulnerable to fire.
   rElec:     It insulates you from electricity.
   rPois:     It protects you from poison.
   Will:      It greatly increases your willpower.
 p - a ring of flight
 K - an amulet of regeneration
 W - a ring of protection from fire (right hand)
Wands
 f - a wand of acid (4)
 g - a wand of iceblast (17)
 t - a wand of digging (2)
 u - a wand of mindburst (11)
 v - a wand of flame (32)
 y - a wand of paralysis (18)
 z - a wand of polymorph (3)
Scrolls
 R - 2 scrolls of magic mapping {!r}
 S - a scroll of summoning
 T - 6 scrolls of teleportation
 U - 3 scrolls of fear
 V - 2 scrolls of enchant armour
 X - a scroll of brand weapon {unknown}
 Y - 3 scrolls of blinking {!r}
 Z - a scroll of silence {!r}
Potions
 i - 2 potions of brilliance {unknown}
 o - 5 potions of resistance {unknown}
 r - a potion of magic {unknown}
 A - 4 potions of ambrosia
 B - 4 potions of attraction {!q}
 C - a potion of berserk rage {!q}
 E - 2 potions of cancellation
 F - 11 potions of curing
 H - 4 potions of haste
 J - 6 potions of heal wounds
 L - 2 potions of lignification {!q}
 M - a potion of mutation {!q}
 N - 4 potions of might
Miscellaneous
 h - a piece from Xom's chessboard (15/15)
 m - a phantom mirror
 s - a tin of tremorstones (2/2)
 w - a phial of floods


   Skills:
 + Level 16.2 Fighting
 - Level 16.0 Maces & Flails
 + Level 10.3 Armour
 + Level 7.4 Dodging
 - Level 9.0 Shields
 + Level 12.5 Evocations


You had 16 spell levels left.
You didn't know any spells.
Your spell library was empty.

Dungeon Overview and Level Annotations

Branches:
Dungeon (15/15) Temple (1/1) D:4 Lair (6/6) D:8 Shoals (0/4) Lair:4 Spider (4/4) Lair:2 Slime (0/5) Lair:5 Orc (2/2) D:9 Elf (0/3) Orc:2 Vaults (0/5) D:13 D:14 Depths (0/4) D:15 Sewer (visited) IceCv (visited)

Altars:
Dithmenos
Trog
Uskayaw
Vehumet
Yredelemnul
Beogh

Shops:
D:10 !   D:13 [   Orc:2 :([*


Innate Abilities, Weirdness & Mutations

You are completely covered in rugged brown scales. (AC +3, +7% HP)
You have supernaturally acute eyesight. (SInv)
Armour fits poorly on your strangely shaped body.
You can roll at nearby foes to attack.
You have a long armoured tail.
You curl defensively after being hit. (AC +7*)


Message History

Trog accepts your kill. You block the meliai's attack. The meliai stings you.
* * * LOW HITPOINT WARNING * * *
The jumping spider pounces on you!
* * * LOW HITPOINT WARNING * * *
The jumping spider bites you but does no damage.
The meliai closely misses you. The meliai stings you.
* * * LOW HITPOINT WARNING * * *
You hit the meliai.
The meliai looks as sick as possible!
You tail-slap the meliai.
You kill the meliai!
Trog accepts your kill.
You feel sick. The meliai hits you but does no damage. The meliai stings you.
* * * LOW HITPOINT WARNING * * *
The jumping spider pounces on you but does no damage.
You block the jumping spider's attack.
You thrash the meliai!!
You kill the meliai!
Trog accepts your kill.
* * * LOW HITPOINT WARNING * * *
You feel sick.
You barely miss the jumping spider.
* * * LOW HITPOINT WARNING * * *
You feel sick.
The jumping spider pounces on you but does no damage.
The jumping spider bites you but does no damage.
You thrash the jumping spider!!
The jumping spider looks as sick as possible!
You tail-slap the jumping spider.
The jumping spider is severely wounded.
* * * LOW HITPOINT WARNING * * *
You feel sick.
* * * LOW HITPOINT WARNING * * *
You feel sick.
The jumping spider leaps!
Things that are here:
a +0 hand axe; a +0 robe; a meliai corpse You feel a strong urge to attack something.
* * * LOW HITPOINT WARNING * * *
You feel sick.
The jumping spider leaps!
You die...

########## ##.............#### .#
##.#........##...... .####
#######^.#........##...### ...^#
#.^.°.#..##........#..## # ...##
##....°.).######...#...# # ..##
##.....)>..## #...##...# :##
##......(.)..# ##..###^#.## .##
#^......^....###..###.###.###
..###.........s.@...^.# ####...#^
...#..............###.# ##...##
###.............### ### ##.#.###
##......[.....######.# #.#.....
#....^......#####.##.# ##.......
#.#.......##^.#....#.###.#......
####................#....##......
#^###.###.#.........#.###.#......
..# ### #.............# #........


You could see a jumping spider (extremely poisoned).

Vanquished Creatures
  Mlioglotl (Spider:3)
  Agnes (Spider:1)
  Donald (Spider:2)
  A balrug (Spider:3)
  2 ghost moths
  7 emperor scorpions (Spider:3)
  A juggernaut skeleton (D:15)
  A spark wasp (Spider:3)
  10 hydras
  A boulder beetle (D:13)
  Erica (Lair:2)
  2 catoblepae
  A death knight (D:13)
  4 centaur warriors
  4 two-headed ogres
  A tengu warrior (D:15)
  9 death yaks
  Urug (D:13)
  A vampire mage (D:15)
  A deep troll shaman (Lair:6)
  Nergalle (Lair:4)
  A storm dragon zombie (D:15)
  A fire crab (Lair:1)
  7 skeletal warriors
  The ghost of kae the Cleaver, a novice HOFi of Qazlal (D:7)
  A phantasmal warrior (D:13)
  A lindwurm (Lair:6)
  A wizard (D:15)
  4 orc knights
  21 wolf spiders
  A necromancer (D:15)
  2 deep elf pyromancers (D:13)
  3 ugly things
  2 manticores
  18 orb spiders
  3 cyclopes
  3 moths of wrath
  Joseph (D:9)
  A black mamba (shapeshifter) (D:15)
  5 black mambas
  17 elephants
  A water nymph (shapeshifter) (D:14)
  A gargoyle (D:12)
  A stone giant skeleton (D:15)
  11 cane toads
  6 komodo dragons
  5 yaktaurs (D:12)
  2 freezing wraiths
  2 tengu conjurers (D:14)
  An efreet (D:15)
  3 rime drakes
  14 demonic crawlers
  A kobold demonologist (D:7)
  The ghost of TheNamelessOne the Caller, a novice OpSu (D:5)
  32 jumping spiders
  3 polar bears
  4 trolls
  A meliai (shapeshifter) (D:15)
  3 meliai (Spider:3)
  27 blink frogs
  6 slime creatures
  9 hornets
  A shadow (D:10)
  A spriggan skeleton (D:15)
  40 redbacks
  24 tarantellas
  Sigmund (D:4)
  4 wraiths
  5 wyverns
  2 vampires
  42 yaks
  7 basilisks
  16 humans
  2 steam dragons (D:8)
  5 vampire mosquitoes (D:12)
  A warg (shapeshifter) (D:15)
  2 wargs
  An acid dragon (D:13)
  12 water moccasins
  A black bear (D:4)
  5 sky beasts
  36 orc warriors
  2 necrophages
  14 centaurs
  8 wolves
  10 ogres
  2 phantoms
  10 kobold brigands
  15 bullfrogs
  4 scorpions
  2 water moccasin skeletons
  9 killer bees
  7 wights
  2 electric eels (Spider:1)
  4 howler monkeys
  A jelly (D:6)
  A bullfrog zombie (D:6)
  2 centaur skeletons
  2 gnoll shamans (D:5)
  10 orc priests
  4 centaur zombies
  19 orc wizards
  6 iguanas
  A killer bee zombie (D:8)
  A hound skeleton (D:4)
  A howler monkey zombie (D:11)
  9 gnolls
  8 adders
  2 river rats (Sewer)
  2 white imps
  4 worms
  A dart slug (D:2)
  54 orcs
  5 ball pythons
  2 bats
  10 endoplasms
  5 giant cockroaches
  2 goblins
  11 hobgoblins
  11 jackals
  7 quokkas
  6 frilled lizards
  20 kobolds
  6 rats
790 creatures vanquished.

Vanquished Creatures (collateral kills)
  An entropy weaver (Spider:3)
  A redback (Spider:3)
2 creatures vanquished.

Vanquished Creatures (others)
  An orc wizard (D:14)
  An orc (Orc:1)
  49 fungi
  108 plants
  8 withered plants (D:15)
167 creatures vanquished.

Grand Total: 959 creatures vanquished

Notes
Turn   | Place    | Note
-------+----------+-------------------------------------------
     0 | D:1      | wakim the Palentonga Berserker began the quest for the Orb.
     0 | D:1      | Reached XP level 1. HP: 19/19 MP: 1/1
   602 | D:1      | Reached XP level 2. HP: 21/25 MP: 2/2
  1449 | D:2      | Reached XP level 3. HP: 31/31 MP: 3/3
  1488 | D:2      | Reached ** piety under Trog
  2010 | D:3      | Reached XP level 4. HP: 30/37 MP: 4/4
  2328 | D:3      | Found a faded altar of an unknown god.
  2596 | D:4      | Identified a scroll of acquirement
  2596 | D:4      | Acquired the amulet "Hemutuis" {Spirit rElec rPois rF-
                  | Will+++}
  2611 | D:4      | Found a staircase to the Ecumenical Temple.
  2620 | Temple   | Entered the Ecumenical Temple
  2716 | D:4      | Noticed a necrophage
  2726 | D:4      | Killed a necrophage
  2727 | D:4      | Reached XP level 5. HP: 30/44 MP: 3/5
  2839 | D:4      | Reached *** piety under Trog
  2851 | D:4      | Found a glowing drain.
  2864 | Sewer    | Entered a sewer
  2993 | Sewer    | Reached skill level 1 in Shields
  2993 | Sewer    | Reached XP level 6. HP: 41/51 MP: 4/6
  3033 | Sewer    | Reached skill level 5 in Maces & Flails
  3061 | Sewer    | Found a glowing silver altar of Zin.
  3258 | D:4      | Noticed Sigmund
  3265 | D:4      | Killed Sigmund
  3266 | D:4      | Gained mutation: You curl defensively after being hit. (AC
                  | +7*) [Palentonga growth]
  3266 | D:4      | Reached XP level 7. HP: 58/58 MP: 7/7
  3567 | D:5      | Entered Level 5 of the Dungeon
  3802 | D:5      | Noticed TheNamelessOne's ghost (novice OpSu)
  3808 | D:5      | Found a transporter.
  3960 | D:5      | Found a transporter.
  4026 | D:5      | Reached skill level 5 in Fighting
  4076 | D:5      | Noticed a two-headed ogre
  4105 | D:5      | Killed a two-headed ogre
  4106 | D:5      | Reached XP level 8. HP: 67/68 MP: 5/8
  5422 | D:6      | Reached XP level 9. HP: 73/73 MP: 9/9
  5514 | D:6      | Reached skill level 1 in Evocations
  6190 | D:7      | Found a runed translucent gate.
  6191 | D:7      | Found a runed translucent gate.
  6191 | D:7      | Noticed kae's ghost (novice HOFi)
  6191 | D:7      | Noticed a kobold demonologist
  6199 | D:7      | Found a runed translucent gate.
  6417 | D:7      | Reached skill level 10 in Maces & Flails
  6800 | D:8      | Found a staircase to the Lair.
  6923 | D:8      | Reached XP level 10. HP: 73/84 MP: 7/10
  7636 | D:9      | Noticed a two-headed ogre
  7643 | D:9      | Killed a two-headed ogre
  7888 | D:9      | Found a staircase to the Orcish Mines.
  8287 | D:9      | Noticed Joseph
  8307 | D:9      | Killed Joseph
  8486 | D:9      | Reached skill level 5 in Evocations
  8537 | D:9      | Found a hide-covered altar of Uskayaw.
  8557 | D:9      | Reached **** piety under Trog
  8845 | Lair:1   | Entered Level 1 of the Lair of Beasts
  8868 | Lair:1   | Noticed an eight-headed hydra
  8884 | Lair:1   | Killed an eight-headed hydra
  9033 | Lair:1   | Reached XP level 11. HP: 87/93 MP: 11/11
  9738 | Lair:1   | Reached skill level 10 in Fighting
 10502 | Lair:1   | Noticed a fire crab
 10514 | Lair:1   | Killed a fire crab
 11065 | Lair:2   | Found a hole to the Spider Nest.
 11065 | Lair:2   | Noticed an orb spider
 11070 | Lair:2   | Killed an orb spider
 11107 | Lair:2   | Noticed Erica
 11128 | Lair:2   | Killed Erica
 11876 | Lair:2   | Reached XP level 12. HP: 105/105 MP: 12/12
 12062 | Lair:3   | Reached XP level 13. HP: 95/111 MP: 10/13
 12149 | Lair:3   | Found a hide-covered altar of Uskayaw.
 13999 | Lair:4   | Noticed Nergalle
 14048 | Lair:4   | Killed Nergalle
 14303 | Lair:4   | Found a basalt altar of Yredelemnul.
 14513 | Lair:4   | Found a staircase to the Shoals.
 15118 | Lair:5   | Found a frozen archway.
 15168 | IceCv    | Entered an ice cave
 15484 | Lair:5   | Found a staircase to the Slime Pits.
 16043 | Lair:6   | Entered Level 6 of the Lair of Beasts
 16102 | Lair:5   | Reached skill level 5 in Armour
 16102 | Lair:5   | Reached skill level 5 in Dodging
 16102 | Lair:5   | Reached XP level 14. HP: 61/124 MP: 8/14
 18709 | D:5      | Killed TheNamelessOne's ghost
 18828 | D:7      | Killed kae's ghost
 18981 | Orc:1    | Entered Level 1 of the Orcish Mines
 19090 | Orc:1    | Found a radiant altar of Vehumet.
 19213 | Orc:2    | Entered Level 2 of the Orcish Mines
 19213 | Orc:2    | Found a staircase to the Elven Halls.
 19742 | Orc:1    | Reached ***** piety under Trog
 20377 | Orc:2    | HP: 6/127 [orc/bolt (6)]
 21560 | Orc:2    | Found Gigivuin's Antique Armour Shop.
 21560 | Orc:2    | Found Ceonar's Antique Weapon Emporium.
 21562 | Orc:2    | Found Uhu Cek's Book Shoppe.
 21564 | Orc:2    | Found Pudieceirr's General Store.
 21576 | Orc:2    | Bought a scroll of identify for 26 gold pieces
 21860 | Orc:2    | Bought a cloak for 144 gold pieces
 21860 | Orc:2    | Bought a bloodstained chain mail for 304 gold pieces
 21860 | Orc:2    | Identified the +8 chain mail of the Fuzzy Marlin {Rampage}
                  | (You bought it in a shop on level 2 of the Orcish Mines)
 21946 | D:10     | Entered Level 10 of the Dungeon
 21985 | D:10     | Found Beffod's Distillery.
 21991 | D:10     | Bought a potion of mutation for 96 gold pieces
 21991 | D:10     | Bought a potion of curing for 36 gold pieces
 21991 | D:10     | Bought a potion of heal wounds for 60 gold pieces
 21991 | D:10     | Bought a potion of ambrosia for 96 gold pieces
 24047 | D:11     | Reached XP level 15. HP: 134/134 MP: 15/15
 24049 | D:11     | You fall into a shaft and drop 1 floor!
 24129 | D:12     | Received a gift from Trog
 25462 | D:13     | Reached skill level 10 in Evocations
 25471 | D:13     | Found Iwiaceg's Antique Armour Shop.
 25489 | D:13     | Found a flickering gateway to a bazaar.
 25494 | Bazaar   | Entered a bazaar
 25498 | Bazaar   | Found Loliumac's General Store.
 25502 | Bazaar   | Found Moem's Jewellery Boutique.
 25519 | Bazaar   | Found Byrotios's Antique Armour Emporium.
 25530 | Bazaar   | Found Ropausche's Antique Weapon Shop.
 25582 | Bazaar   | Found Voma's Distillery.
 25621 | Bazaar   | Bought the ring of Beogh's Respect {rC+ Str+6} for 490 gold
                  | pieces
 25629 | Bazaar   | Bought a wand of mindburst (10) for 196 gold pieces
 25629 | Bazaar   | Bought a scroll of fear for 49 gold pieces
 25629 | Bazaar   | Bought a scroll of fear for 49 gold pieces
 25651 | Bazaar   | Bought a potion of heal wounds for 100 gold pieces
 25651 | Bazaar   | Bought a potion of haste for 200 gold pieces
 26241 | D:14     | Noticed Urug
 26241 | D:14     | Found a gate to the Vaults.
 26282 | D:13     | Killed Urug
 28663 | D:14     | Found a shadowy altar of Dithmenos.
 29076 | D:15     | Entered Level 15 of the Dungeon
 29229 | D:15     | Identified the +4 chain mail of the Turtle {rC++ Will+
                  | SInv}
 29938 | D:15     | Found a staircase to the Depths.
 30825 | D:15     | Received a gift from Trog
 31013 | D:15     | Found a bloodstained altar of Trog.
 31379 | Spider:1 | Entered Level 1 of the Spider Nest
 31928 | Spider:1 | Reached skill level 15 in Maces & Flails
 33139 | Spider:2 | Noticed Donald
 33151 | Spider:2 | Noticed Agnes
 33717 | Spider:1 | Killed Agnes
 33900 | Spider:2 | Killed Donald
 33901 | Spider:2 | Reached XP level 16. HP: 143/143 MP: 14/16
 34330 | Spider:2 | Reached skill level 15 in Fighting
 34897 | Spider:2 | Received a gift from Trog
 36122 | Spider:2 | Identified the +10 trident "Orb Guardian's Curse" {vamp,
                  | Str+3}
 37203 | Spider:3 | Noticed Mlioglotl
 37688 | Spider:3 | Identified the +5 war axe "Vesoth" {freeze, Fly rN+ Str+4}
 38191 | Spider:3 | Killed Mlioglotl
 38629 | Spider:3 | Reached skill level 10 in Armour
 38976 | Spider:3 | Reached XP level 17. HP: 154/154 MP: 17/17
 39614 | Spider:4 | Entered Level 4 of the Spider Nest
 39651 | Spider:3 | HP: 11/231 [poisoned by a meliai]
 39652 | Spider:3 | HP: 5/231 [poisoned by a meliai]
 39656 | Spider:3 | HP: 1/231 [poisoned by a meliai]
 39657 | Spider:3 | Succumbed to a meliai's poison

Illustrated notes

Levels and vault maps discovered:
D:1:      lightli_arrival_windingriver, layout_basic, minmay_pentomino_u2
D:2:      layout_basic
D:3:      layout_basic, shapermc_ecumenical_altar_venn
D:4:      layout_rooms, temple_fountains, gup_sewer_entry_bubbles, uniq_sigmund
D:5:      layout_layer_cave, gammafunk_ghost_smash, nicolae_grassy_gnolls
D:6:      layout_basic, minmay_misc_feat_pillars, serial_park_tiny_2
D:7:      layout_loops_cross, gammafunk_ghost_nasty_kobolds,
          hangedman_abyss_or_decor_lesser_grid, kennysheep_generic_room_10
D:8:      layout_layer_cave, dpeg_oklobed_lair, hangedman_decor_peaks_small,
          hangedman_misty_isle
D:9:      layout_rooms, nicolae_uskayaw_dance_studio, david_orc_3,
          minmay_lizard_king, uniq_joseph
D:10:     layout_roguey, serial_shops, shop
D:11:     layout_grid_maze
D:12:     layout_stronghold
D:13:     layout_irregular_city, serial_shops, bzr_entry_road, shop
D:14:     layout_loops_cross, david_vaults_3, grunt_dithmenos_smoke_and_mirrors
D:15:     gammafunk_depths_entry_grave, layout_irregular_city, bloody_trog
Temple:   regret_index_temple_sigil_plot
Lair:1:   layout_misc_corridors, minmay_shattered_shrine, grunt_megastairs_4
Lair:2:   layout_cave_pods, nicolae_spider_entry_orb_guardian, uniq_erica
Lair:3:   layout_roguey, basic_altar, st_stairs_6, infiniplex_staircase_pool_2,
          lemuel_fruit_fields, lemuel_fruit_tree
Lair:4:   beast_lair_carwin_large_2, layout_cave_pods,
          minmay_shoals_entry_centaurs, basic_altar, uniq_nergalle
Lair:5:   layout_small_grid, slime_dummy, portal_ice_cave_rime
Lair:6:   grunt_lair_end_beastmaster, layout_hall_layers,
          nicolae_volcano_entry_s_turn, infiniplex_staircase_pool
Spider:1: layout_spider_delve
Spider:2: layout_spider_delve, spiders_nest_hornet_nest, uniq_agnes, uniq_donald
Spider:3: layout_chambers, nicolae_spider_scorpion_nest, uniq_mlioglotl
Spider:4: grunt_spider_rune_circles
Orc:1:    layout_caves, basic_altar
Orc:2:    st_orc_rangers, layout_caves, basic_altar, special_room,
          nicolae_orc_damp_corner

Skill      XL: |  1  2  3  4  5  6  7  8  9 10 11 12 13 14 15 16 |
---------------+-------------------------------------------------+-----
Armour         | 2 3 4 5 7 8 10 | 10.3
Dodging        | 2 3 4 5 7 |  7.4
Maces & Flails | 4 5 7 8 10 12 14 15 16 | 16.0
Fighting       | 4 5 6 7 8 10 12 14 16 | 16.2
Shields        | 1 2 7 8 9 |  9.0
Evocations     | 3 5 8 9 11 12 | 12.5

Action                   |  1- 3 |  4- 6 |  7- 9 | 10-12 | 13-15 | 16-18 || total
-------------------------+-------+-------+-------+-------+-------+-------++-------
Melee: Mace              |    90 |   143 |   145 |     9 |    22 |       ||   409
       Tailslap          |    11 |    19 |    59 |    74 |   530 |   156 ||   849
       Whip              |       |       |   194 |   516 |   780 |       ||  1490
       Demon whip        |       |       |       |       |  1445 |   660 ||  2105
       Eveningstar       |       |       |       |       |    52 |    46 ||    98
       Morningstar       |       |       |       |       |     8 |       ||     8
Invok: Berserk           |     1 |     3 |     2 |    12 |    15 |     5 ||    38
       Trog's Hand       |       |     2 |     6 |     8 |    18 |     1 ||    35
       Brothers in Arms  |       |       |       |       |       |     2 ||     2
 Abil: Rolling Charge    |    29 |    22 |    41 |    33 |   112 |    66 ||   303
Evoke: Wand              |       |       |       |     5 |    16 |     3 ||    24
       Phantom mirror    |       |       |       |       |     1 |       ||     1
       Piece from Xom's  |       |       |       |       |     1 |       ||     1
  Use: Scroll            |       |     5 |     4 |     5 |    10 |     5 ||    29
       Potion            |       |       |       |     2 |     4 |     3 ||     9
 Stab: Petrified         |       |       |       |       |    15 |       ||    15
       Paralysed         |       |       |       |       |       |     8 ||     8
Armor: Animal skin       |     2 |       |       |       |       |       ||     2
       Leather armour    |    11 |    36 |    69 |    61 |   109 |       ||   286
       Scale mail        |       |       |       |       |    62 |       ||    62
       Chain mail        |       |       |       |       |   366 |   362 ||   728
Dodge: Dodged            |    35 |    86 |   156 |   169 |   817 |   300 ||  1563
Block: Buckler           |       |    10 |    46 |    47 |       |       ||   103
       Kite shield       |       |       |       |    29 |   897 |   341 ||  1267

Table legend: (Time is in decaauts)
 A = Elapsed time spent in this place.
 B = Non-inter-level travel time spent in this place.
 C = Inter-level travel time spent in this place.
 D = Time resting spent in this place.
 E = Time spent auto-exploring this place.
 F = Levels seen in this place.
 G = Mean time per level.
                   A        B        C        D        E       F      G
               +--------+--------+--------+--------+--------+-----+--------+
         Total |  38557 |  34627 |   3930 |  11367 |   6071 |  31 | 1243.8 |
       Dungeon |  18488 |  16411 |   2077 |   4454 |   2496 |  15 | 1232.5 |
        Temple |      1 |      1 |      0 |      0 |      0 |   1 |    1.0 |
          Lair |   9141 |   8111 |   1030 |   2182 |   1533 |   6 | 1523.5 |
   Spider Nest |   7708 |   7019 |    689 |   3495 |   1409 |   4 | 1927.0 |
  Orcish Mines |   2748 |   2615 |    133 |   1204 |    448 |   2 | 1374.0 |
        Bazaar |    163 |    163 |      0 |      0 |     55 |   1 |  163.0 |
         Sewer |    296 |    296 |      0 |     31 |    129 |   1 |  296.0 |
      Ice Cave |      8 |      8 |      0 |      0 |      0 |   1 |    8.0 |
               +--------+--------+--------+--------+--------+-----+--------+

Top non-repeatable levels by time:
Spider:3: 2913 daAuts
Spider:1: 2886 daAuts
    D:13: 2666 daAuts
  Lair:4: 2053 daAuts
Spider:2: 1887 daAuts
    D:15: 1886 daAuts
     D:5: 1769 daAuts
  Lair:5: 1748 daAuts
     D:8: 1668 daAuts
    D:11: 1610 daAuts
  Lair:1: 1583 daAuts
  Lair:6: 1580 daAuts
   Orc:2: 1383 daAuts
   Orc:1: 1364 daAuts
  Lair:2: 1309 daAuts
